 Dungeon Crawl Stone Soup version 0.31.0-32-g396128a36d (webtiles) character file.

Game seed: 11842748708100292579

19542 Yolobob the Fighter (level 13, -2/103 HPs)
             Began as a Djinni Fire Elementalist on Apr 12, 2024.
             Was an Elder of Makhleb.
             Slain by a freezing wraith (11 damage)
             ... in an ice cave.
             The game lasted 00:52:40 (13297 turns).

Yolobob the Fighter (Djinni Fire Elementalist)     Turns: 13297, Time: 00:52:41

Health: -2/103     AC: 15    Str:  9    XL:     13   Next: 5%
Gold:   599        EV: 17    Int: 20    God:    Makhleb [****..] SH:  5 Dex: 16

rFire   + . .        v - +1 dagger (venom)
rCold   + . .        (no shield)
rNeg    . . .        I - +0 steam dragon scales
rPois   ∞            A - +0 helmet
rElec   .            q - +2 cloak
rCorr   .            V - +2 pair of gloves
SInv    .            (boots unavailable)
Will    +....        Q - amulet of reflection
Stlth   ++           C - ring of ice
HPRegen 0.37/turn    S - ring of Hebox {rC+ Str+2 Slay+2}
MPRegen 0.00/turn

%: reflection, infuse magic (-3 HP)
@: flying, slowed, studying Dodging, very slow
A: sickness immunity, fire resistance 2, cold vulnerability 1, float, innate
caster, HP casting, extra vitality 1
a: Renounce Religion, Minor Destruction, Lesser Servant of Makhleb, Major
Destruction


You were in an ice cave.
You worshipped Makhleb.
Makhleb was greatly pleased with you.
You visited 2 branches of the dungeon, and saw 14 of its levels.
You also visited: Ice Cave.

You collected 716 gold pieces.
You spent 117 gold pieces at shops.

Inventory:

Hand Weapons
 v - a +1 dagger of venom (weapon)
 B - the +2 short sword of the Shining Light {spect, *Slow rF++ rC+++ Int-4}
   (You found it on level 6 of the Dungeon)

   Int-4:     It affects your intelligence (-4).
   rF++:      It greatly protects you from fire.
   rC+++:     It renders you almost immune to cold.
   *Slow:     It may slow you when you take damage.
 W - the +2 long sword of Zin's Righteous Anger {flame, Str+2}
   (You found it on level 10 of the Dungeon)

   Str+2:     It affects your strength (+2).
Missiles
 k - 4 throwing nets
 m - 4 curare-tipped darts
 s - 8 poisoned darts
 x - 5 javelins
Armour
 q - a +2 cloak (worn)
 A - a +0 helmet (worn)
 I - +0 steam dragon scales (worn)
 V - a +2 pair of gloves (worn)
Jewellery
 f - a +6 ring of intelligence
 r - a ring of resist corrosion
 C - a ring of ice (left hand)
 Q - an amulet of reflection (around neck)
 S - the ring of Hebox (right hand) {rC+ Str+2 Slay+2}
   (You found it on level 9 of the Dungeon)

   [ring of protection from cold]

   Str+2:     It affects your strength (+2).
   Slay+2:    It affects your accuracy & damage with ranged weapons and melee
   (+2).
   rC+:       It protects you from cold.
Talismans
 F - a blade talisman
Wands
 a - a wand of charming (11)
 c - a wand of digging (4)
 o - a wand of flame (85)
 t - a wand of mindburst (3)
 E - a wand of iceblast (16)
 R - a wand of acid (18)
Scrolls
 l - 7 scrolls of teleportation
 n - 4 scrolls of enchant armour
 N - a scroll of vulnerability
 U - 3 scrolls of identify
 Y - a scroll of enchant weapon {unknown}
Potions
 e - a potion of resistance
 g - a potion of berserk rage
 h - 7 potions of curing
 i - 2 potions of attraction
 j - 4 potions of haste
 p - 4 potions of brilliance
 z - 2 potions of lignification {unknown}
 D - 2 potions of mutation {unknown}
 H - a potion of ambrosia {unknown}
 J - a potion of cancellation {unknown}
 M - a potion of invisibility {unknown}
 O - a potion of heal wounds
 P - a potion of might


   Skills:
 - Level 13.5 Fighting
 + Level 8.9 Armour
 - Level 10.0 Dodging
 - Level 1.5 Stealth
 - Level 8.2 Spellcasting
 - Level 8.2 Conjurations
 - Level 8.2 Hexes
 - Level 8.2 Summonings
 - Level 8.2 Necromancy
 - Level 8.2 Translocations
 - Level 8.2 Fire Magic
 - Level 8.2 Ice Magic
 - Level 8.2 Air Magic
 - Level 8.2 Earth Magic
 - Level 8.2 Alchemy
 + Level 4.7 Invocations


You knew the following spells:

 Your Spells              Type           Power      Damage    Failure   Level
a - Foxfire               Conj/Fire      100%       2x1d9     1%          1
b - Scorch                Fire           82%        2d8       1%          2
c - Volatile Blastmotes   Fire/Tloc      82%        2d16      1%          3
d - Inner Flame           Hex/Fire       41%        N/A       1%          3
e - Flame Wave            Conj/Fire      41%        2d11      2%          4
f - Shock                 Conj/Air       100%       1d9       1%          1
g - Momentum Strike       Conj/Tloc      82%        3d10      1%          2
h - Gell's Gravitas       Tloc           41%        N/A       1%          3
i - Dispel Undead         Necr           41%        3d16      2%          4
j - Petrify               Alch/Erth      41%        N/A       2%          4
k - Freezing Cloud        Conj/Ice/Air   28%        6-21      8%          5
Your spell library was empty.

Dungeon Overview and Level Annotations

Branches:
Dungeon (11/15)            Temple (0/1) D:6            Lair (3/5) D:10
 Shoals (0/4) Lair:3       Spider (0/4) Lair:3        IceCv (1/1)
    Orc: D:9-12

Altars:
Ashenzari
Dithmenos
Makhleb
Okawaru
Ru
Xom

Shops:
D:2 !   D:7 !=?   D:8 (   D:9 *

Annotations:
D:3 3 runed translucent doors, 0o0o's ghost, amateur TrGl
D:7 1 transporter, Dogenati's ghost, novice HOFE
D:8 Maurice
D:9 exclusion: 2 doors
D:11 exclusion: door
Lair:1 exclusions: boulder beetle and catoblepas


Innate Abilities, Weirdness & Mutations

You are immune to sickness and miasma.
You are immune to poison.
Your flesh is very heat resistant. (rF++)
You are vulnerable to cold. (rC-)
You float through the air rather than walking.
You learn spells naturally, not from books.
Your magical power is your life essence.
You have superior vitality. (+4 MHP)


Message History

The ice devil is moderately wounded.
* * * LOW HITPOINT WARNING * * *
The ice devil closely misses you.
An ice devil comes into view.
The ice devil hits you but does no damage.
An ice devil comes into view.
A wave of flame ripples out!
The flame wave engulfs the ice devil!!
The ice devil is burned terribly!
You kill the ice devil!
Makhleb accepts your kill.
You feel better.
The flame wave engulfs the ice devil but does no damage.
The ice devil is moderately wounded.
The flame wave engulfs the ice devil.
The ice devil is lightly wounded.
You finish channelling waves of flame.
You block the ice devil's attack.
Unknown command.
An ice devil comes into view.
Okay, then.
Unknown command.
Okay, then.
Unknown command.
As you read the scroll of fear, it crumbles to dust.
You assume a fearsome visage.
The ice devil easily resists.
The ice devil looks frightened! x3
A freezing wraith comes into view.
The freezing wraith hits you!
* * * LOW HITPOINT WARNING * * *
The freezing wraith freezes you! You resist.
* * * LOW HITPOINT WARNING * * *
The freezing wraith hits you!
* * * LOW HITPOINT WARNING * * *
The freezing wraith drains your vigour!
You feel yourself slow down.
As you read the scroll of fear, it crumbles to dust.
You assume a fearsome visage.
The freezing wraith is unaffected.
The freezing wraith barely misses you. The freezing wraith misses you.
The freezing wraith hits you.
* * * LOW HITPOINT WARNING * * *
The freezing wraith freezes you! You resist.
You die...

##.. #### #4...
##.#. ##...
##.... ###...
##..... ##...#
####...... #...#
##.........
#..###
##....###...
#☼...## #...###
###. ##§W@.##
#..## ##
#☼°#...###...#
44.§###...###..##
##.§○
##...###..## ####
##...###..##
###.......#
###....## ######


You could see 2 ice devils and a freezing wraith.

Vanquished Creatures
  Harold (Lair:1)
  A catoblepas (Lair:3)
  Erica (D:11)
  A boulder beetle (Lair:1)
  2 two-headed ogres
  Sonja (D:11)
  Maggie (D:6)
  5 cane toads
  2 rime drakes (Lair:3)
  A kobold demonologist (D:10)
  4 ice devils (IceCv)
  4 blink frogs (Lair:2)
  Prince Ribbit (D:6)
  2 wyverns (D:9)
  A shadow (D:9)
  A wraith (D:7)
  22 yaks
  2 death yak simulacra (IceCv)
  3 vampire mosquitoes (D:10)
  Menkaure (D:6)
  A steam dragon (Lair:1)
  4 harpy simulacra (IceCv)
  6 water moccasins
  2 black bears
  2 ice beasts
  3 orc warriors
  2 sky beasts (D:7)
  3 ogres
  5 boggarts (D:9)
  10 wolves (Lair:1)
  3 centaurs
  A kobold brigand (D:8)
  7 bullfrogs
  2 cane toad simulacra (IceCv)
  2 gnoll sergeants
  A scorpion (D:5)
  8 wights (D:8)
  6 killer bees (D:9)
  2 elephant simulacra (IceCv)
  4 howler monkeys
  Crazy Yiuf (D:2)
  3 bombardier beetles
  A hound (D:6)
  3 orc priests
  4 iguanas
  Ijyb (D:4)
  3 sleepcaps
  Terence (D:3)
  7 orc wizards
  A polar bear simulacrum (IceCv)
  A troll simulacrum (IceCv)
  3 wolf simulacra (IceCv)
  2 spriggan simulacra (IceCv)
  10 gnolls
  10 adders
  2 shadow imps (D:6)
  2 white imps
  4 ufetubi
  A ribbon worm (D:5)
  2 dart slugs
  36 orcs
  3 bats
  8 endoplasms
  4 giant cockroaches
  4 hobgoblins
  2 jackals (D:3)
  8 quokkas
  5 ball pythons
  2 frilled lizards
  6 goblins
  15 kobolds
  10 rats
296 creatures vanquished.

Vanquished Creatures (collateral kills)
  5 foxfires
5 creatures vanquished.

Vanquished Creatures (others)
  883 foxfires
883 creatures vanquished.

Grand Total: 1184 creatures vanquished

Notes
Turn   | Place    | Note
-------+----------+-------------------------------------------
     0 | D:1      | Yolobob the Djinni Fire Elementalist began the quest for
                  | the Orb.
     0 | D:1      | Yolobob set off with the following spells memorised:
                  | Foxfire, Scorch, Volatile Blastmotes, Inner Flame, Flame
                  | Wave.
     0 | D:1      | Reached XP level 1. HP: 15/15 MP: 0/0
   120 | D:1      | Reached XP level 2. HP: 20/21 MP: 0/0
   255 | D:1      | Reached XP level 3. HP: 19/25 MP: 0/0
   255 | D:1      | Learned a level 1 spell: Shock
   797 | D:2      | Reached XP level 4. HP: 30/31 MP: 0/0
   925 | D:2      | You are sucked into a shaft and drop 2 floors!
  1197 | D:2      | Found Nalunt's Distillery.
  1646 | D:2      | Found a runed translucent door.
  1647 | D:2      | Noticed Crazy Yiuf
  1653 | D:2      | Killed Crazy Yiuf
  1654 | D:2      | Reached XP level 5. HP: 29/35 MP: 0/0
  1654 | D:2      | Learned a level 2 spell: Momentum Strike
  1667 | D:2      | Identified the +3 hammer of the Beast {holy, rF++ Will+
                  | Int-3}
  1764 | D:3      | Reached skill level 5 in Spellcasting
  1764 | D:3      | Reached skill level 5 in Conjurations
  1764 | D:3      | Reached skill level 5 in Hexes
  1764 | D:3      | Reached skill level 5 in Summonings
  1764 | D:3      | Reached skill level 5 in Necromancy
  1764 | D:3      | Reached skill level 5 in Translocations
  1764 | D:3      | Reached skill level 5 in Fire Magic
  1764 | D:3      | Reached skill level 5 in Ice Magic
  1764 | D:3      | Reached skill level 5 in Air Magic
  1764 | D:3      | Reached skill level 5 in Earth Magic
  1764 | D:3      | Reached skill level 5 in Alchemy
  1945 | D:3      | Noticed Terence
  1952 | D:3      | Killed Terence
  1953 | D:3      | Reached XP level 6. HP: 14/40 MP: 0/0
  2105 | D:3      | Found a runed translucent gate.
  2106 | D:3      | Found a runed translucent gate.
  2106 | D:3      | Noticed 0o0o's ghost (amateur TrGl)
  2106 | D:3      | Identified the +0 chain mail "Uzas" {rPois rCorr Dex-2
                  | Stlth-}
  2107 | D:3      | Found a runed translucent gate.
  3059 | D:4      | Found an iron altar of Okawaru.
  3362 | D:4      | Noticed an ogre
  3370 | D:4      | Killed an ogre
  3371 | D:4      | Reached XP level 7. HP: 37/45 MP: 0/0
  3371 | D:4      | Learned a level 3 spell: Gell's Gravitas
  3556 | D:5      | Entered Level 5 of the Dungeon
  3573 | D:5      | Noticed Ijyb
  3589 | D:4      | Killed Ijyb
  4236 | D:5      | Reached XP level 8. HP: 45/50 MP: 0/0
  4261 | D:5      | Found a burning altar of Makhleb.
  4305 | D:5      | Became a worshipper of Makhleb the Destroyer
  4801 | D:6      | Identified the +2 short sword of the Shining Light {spect,
                  | *Slow rF++ rC+++ Int-4}
  4924 | D:6      | Found a sacrificial altar of Ru.
  4996 | D:6      | Noticed Prince Ribbit
  5005 | D:6      | Killed Prince Ribbit
  5029 | D:6      | Noticed Menkaure
  5034 | D:6      | Killed Menkaure
  5035 | D:6      | Reached skill level 1 in Fighting
  5096 | D:6      | Reached skill level 2 in Fighting
  5147 | D:6      | Noticed a yak
  5147 | D:6      | Noticed a yak
  5163 | D:6      | Killed a yak
  5164 | D:6      | Reached skill level 3 in Fighting
  5164 | D:6      | Reached XP level 9. HP: 54/61 MP: 0/0
  5164 | D:6      | Learned a level 4 spell: Dispel Undead
  5185 | D:6      | Reached skill level 4 in Fighting
  5251 | D:6      | Reached skill level 5 in Fighting
  5339 | D:6      | Reached skill level 5 in Dodging
  5400 | D:6      | Noticed Maggie
  5411 | D:6      | Killed Maggie
  5411 | D:6      | Reached * piety under Makhleb
  5412 | D:6      | Reached skill level 6 in Fighting
  5459 | D:6      | Found a staircase to the Ecumenical Temple.
  5880 | D:7      | Found Oghegent's Magic Scroll Shoppe.
  5935 | D:7      | Found Oread's Jewellery Emporium.
  6168 | D:7      | Found a transporter.
  6169 | D:7      | Noticed Dogenati's ghost (novice HOFE)
  6170 | D:7      | Identified the +11 great mace "Grom" {flame, rN++ SInv}
  6394 | D:7      | Reached skill level 7 in Fighting
  6394 | D:7      | Reached XP level 10. HP: 69/75 MP: 0/0
  6743 | D:7      | Found Fialy's Distillery.
  6752 | D:7      | Bought a potion of heal wounds for 65 gold pieces
  6752 | D:7      | Bought a potion of might for 52 gold pieces
  6817 | D:7      | Found a broken altar of Ashenzari.
  6819 | D:7      | Found a shimmering altar of Xom.
  6868 | D:8      | Reached skill level 8 in Fighting
  7231 | D:8      | Reached skill level 9 in Fighting
  7234 | D:8      | Reached skill level 1 in Armour
  7252 | D:8      | Reached ** piety under Makhleb
  7400 | D:8      | Found a shadowy altar of Dithmenos.
  7538 | D:8      | Found Fitenid's Antique Weapon Shoppe.
  7926 | D:8      | Noticed Maurice
  8128 | D:9      | Reached XP level 11. HP: 76/85 MP: 0/0
  8128 | D:9      | Learned a level 4 spell: Petrify
  8289 | D:9      | Found Buclu's Fire Supplies.
  8298 | D:9      | Reached skill level 10 in Fighting
  8334 | D:9      | Identified the ring of Hebox {rC+ Str+2 Slay+2}
  8393 | D:9      | Reached skill level 10 in Dodging
  8808 | D:9      | Noticed a two-headed ogre
  8813 | D:9      | Killed a two-headed ogre
  8813 | D:9      | Reached *** piety under Makhleb
  8814 | D:9      | Reached skill level 11 in Fighting
  8900 | D:9      | Noticed a manticore
  8991 | D:10     | Entered Level 10 of the Dungeon
  9013 | D:10     | Found a staircase to the Lair.
  9387 | D:10     | Identified the +2 long sword of Zin's Righteous Anger
                  | {flame, Str+2}
  9393 | D:10     | Noticed a two-headed ogre
  9412 | D:10     | Killed a two-headed ogre
  9413 | D:10     | Reached skill level 5 in Armour
  9900 | D:10     | Identified the +10 plate armour of Distant Worlds {Rampage
                  | Str+4 Dex-5 Slay+3}
 10080 | D:11     | Noticed Erica
 10090 | D:11     | Killed Erica
 10091 | D:11     | Reached skill level 12 in Fighting
 10178 | D:11     | Noticed Sonja
 10181 | D:11     | Killed Sonja
 10203 | D:11     | Noticed a manticore
 10263 | D:11     | Noticed a boulder beetle
 10318 | Lair:1   | Entered Level 1 of the Lair of Beasts
 10348 | Lair:1   | Reached XP level 12. HP: 90/95 MP: 0/0
 10535 | Lair:1   | Noticed Harold
 10549 | Lair:1   | Killed Harold
 10667 | Lair:1   | Reached **** piety under Makhleb
 10668 | Lair:1   | Reached skill level 13 in Fighting
 11009 | Lair:1   | Noticed a boulder beetle
 11129 | Lair:1   | Noticed a catoblepas
 11415 | Lair:1   | Killed a boulder beetle
 11824 | Lair:2   | Identified the +0 robe of the Hurricane {MP+9 Dex+7}
 12022 | Lair:2   | Reached skill level 1 in Invocations
 12730 | Lair:3   | Noticed a catoblepas
 12738 | Lair:3   | Killed a catoblepas
 12962 | Lair:3   | Found a frozen archway.
 12974 | IceCv    | Entered an ice cave
 13282 | IceCv    | Reached XP level 13. HP: 83/103 MP: 0/0
 13282 | IceCv    | Learned a level 5 spell: Freezing Cloud
 13297 | IceCv    | Slain by a freezing wraith

Illustrated notes

Levels and vault maps discovered:
D:1:      orjb1_lava_funnel, layout_rooms
D:2:      layout_basic, serial_shops, nicolae_shop_window_shopping,
          uniq_crazy_yiuf_cottage
D:3:      layout_loops_ring, biasface_ghost_orc_armoury, corner_web_ring,
          uniq_terence
D:4:      layout_basic, gammafunk_temple_overflow_elements
D:5:      layout_loops_cross, bloody_makhleb, uniq_ijyb
D:6:      layout_basic, hangedman_ru_absence,
          minmay_temple_entry_statues_pillars,
          lightli_ossuary_entry_decrepit_ruins, uniq_maggie,
          uniq_prince_ribbit1, uniq_menkaure
D:7:      layout_loops_cross, nicolae_overflow_hidden_temple,
          gammafunk_ghost_smash, serial_shops, shop, shop,
          nicolae_take_the_stairs, kennysheep_cross_room,
          ebering_dispersal_statue_hall
D:8:      layout_loops_cross, mainiacjoe_overflow_concentric_impassable,
          serial_shops, nicolae_shop_stone, uniq_maurice
D:9:      layout_roguey, nicolae_shop_fire_sale [nicolae_sub_dead_trees],
          minmay_misc_feat_hallway
D:10:     layout_irregular_city, lair_entry_dummy
D:11:     layout_roguey, david_orc_5, serial_undead, serial_undead_f,
          serial_undead_a, serial_undead_a, serial_undead_b, st_stairs_4,
          hangedman_decor_growths, uniq_erica, uniq_erolcha, uniq_sonja
Lair:1:   layout_concentric_octagons, uniq_harold
Lair:2:   layout_small_grid, nicolae_quartered_pool_impasse,
          chequers_serial_rivers_micro_e
Lair:3:   layout_roguey, elwin_shoals_entry_rocks,
          nicolae_spider_entry_orb_guardian, portal_ice_cave_rime,
          patterned_corridor, serial_bayou_shore_b, lemuel_fruit_tree
IceCv:    ice_cave_small_necro

Skill      XL: |  1  2  3  4  5  6  7  8  9 10 11 12 |
---------------+-------------------------------------+-----
Spellcasting   | 4 5 6 7 8 |  8.2
Conjurations   | 4 5 6 7 8 |  8.2
Hexes          | 4 5 6 7 8 |  8.2
Summonings     | 4 5 6 7 8 |  8.2
Necromancy     | 4 5 6 7 8 |  8.2
Translocations | 4 5 6 7 8 |  8.2
Fire Magic     | 4 5 6 7 8 |  8.2
Ice Magic      | 4 5 6 7 8 |  8.2
Air Magic      | 4 5 6 7 8 |  8.2
Earth Magic    | 4 5 6 7 8 |  8.2
Alchemy        | 4 5 6 7 8 |  8.2
Fighting       | 3 7 9 12 13 | 13.5
Dodging        | 3 6 9 10 | 10.0
Armour         | 2 5 8 |  8.9
Invocations    | 4 |  4.7
Stealth        | |  1.5

Action                     |  1- 3 |  4- 6 |  7- 9 | 10-12 | 13-15 || total
---------------------------+-------+-------+-------+-------+-------++-------
  Melee: Unarmed           |     3 |       |       |       |       ||     3
         Short sword       |       |     2 |       |       |       ||     2
         Dagger            |       |       |     2 |     3 |       ||     5
   Cast: Foxfire           |    74 |   114 |   100 |   232 |     2 ||   522
         Scorch            |     2 |    28 |    75 |   215 |     3 ||   323
         Inner Flame       |       |     1 |       |     5 |       ||     6
         Gell's Gravitas   |       |       |     2 |       |       ||     2
         Volatile Blastmot |       |       |     6 |    15 |       ||    21
         Flame Wave        |       |       |       |    15 |     1 ||    16
         Dispel Undead     |       |       |       |     6 |       ||     6
         Petrify           |       |       |       |     1 |       ||     1
    Use: Scroll            |       |       |    10 |     9 |     2 ||    21
 Armour: Robe              |     4 |     8 |    29 |       |       ||    41
         Steam dragon scal |       |       |       |   102 |     9 ||   111
  Dodge: Dodged            |     4 |     7 |    26 |   142 |     7 ||   186
  Block: Other             |       |       |       |    26 |     3 ||    29
         Reflection        |       |       |       |     2 |       ||     2
